[Event "Late-Titled-Tuesday-Blitz-January-30-2024"]
[Site "Chess.com"]
[Date "2024.01.30"]
[Round "4"]
[White "lachesisQ"]
[Black "Mops_2004"]
[Result "1-0"]
[WhiteElo "3108"]
[BlackElo "2771"]
[TimeControl "180+1"]
[EndTime "14:37:30 PST"]
[Termination "lachesisQ won by resignation"]

1. e4 g6 2. d4 Bg7 3. Nc3 d6 4.
Be3 a6 5. Qd2 b5 6. O-O-O Bb7 7.
Bd3 Nd7 8. Nf3 c5 9. e5 Bxf3 10. gxf3 cxd4 11. Bxd4 Bxe5 12. Bxe5 Nxe5 13. h4 Nf6 14. Kb1 Rc8 15. Ne4 Nxe4 16. Bxe4 h5 17. f4 Nd7 18. f5 Nc5 19. Qd4 Rg8 20. fxg6 fxg6 21. Bd5 e6 22. Rhe1 Kf7 23. Bg2 d5 24.
Re3 Rg7 25. Rg1 Qc7 26. Bh3 Ne4 27. c3 Qf4 28. Bxe6+ Kf8 29. Bxd5 1-0

[Event "Late-Titled-Tuesday-Blitz-January-30-2024"]
[Site "Chess.com"]
[Date "2024.01.30"]
[Round "4"]
[White "ahkashefi2800"]
[Black "TheMagician"]
[Result "1-0"]
[WhiteElo "2580"]
[BlackElo "2208"]
[TimeControl "180+1"]
[EndTime "14:37:32 PST"]
[Termination "ahkashefi2800 won on time"]

1. g3 d5 2. Bg2 c6 3. b3 e5 4.
Bb2 Bd6 5. c4 d4 6. d3 Nf6 7.
Nf3 c5 8. b4 cxb4 9. a3 bxa3 10.
Nxa3 Nc6 11. O-O O-O 12. Nd2 Re8 13. Nb5 Bf8 14. Ba3 Bxa3 15. Nxa3 Bg4 16. Nb3 Qe7 17. Qd2 Rad8 18. Rfb1 e4 19. dxe4 d3 20. exd3 Ne5 21.
d4 Nf3+ 22. Bxf3 Bxf3 23. e5 Nd7 24. Qf4 Bh5 25. Na5 f6 26. exf6 Nxf6 27. Rxb7 1-0

[Event "Late-Titled-Tuesday-Blitz-January-30-2024"]
[Site "Chess.com"]
[Date "2024.01.30"]
[Round "4"]
[White "JaackCamel"]
[Black "GoValya"]
[Result "1-0"]
[WhiteElo "2151"]
[BlackElo "2293"]
[TimeControl "180+1"]
[EndTime "14:37:33 PST"]
[Termination "JaackCamel won by resignation"]

1. d4 Nf6 2. c4 g6 3. Nc3 Bg7 4. e4 d6 5. Nf3 O-O 6. Be2 Nbd7 7. Be3 e5 8. d5 a6 9. Nd2 c6 10. b4 cxd5 11. cxd5 b6 12. Nc4 Qc7 13. Rc1 b5 14. Na5 Qd8 15. Nc6 Qe8 16. a4 bxa4 17. f3 a3 18. Qa4 Bb7 19. Qxa3 Bxc6 20. dxc6 Nb8 21. b5 Qe7 22. O-O a5 23. Na4 Qe6 24. b6 d5 25. b7 Ra6 26. Bxa6 Nxa6 27. c7 Nxc7 28. Rxc7 dxe4 29. Qc5 exf3 30. Rc8 fxg2 31. Rc1 Ng4 32. Rxf8+ Bxf8 33. b8=Q 1-0

[Event "Late-Titled-Tuesday-Blitz-January-30-2024"]
[Site "Chess.com"]
[Date "2024.01.30"]
[Round "4"]
[White "PapaieDudu"]
[Black "SaqoChess_Twitch"]
[Result "0-1"]
[WhiteElo "2397"]
[BlackElo "2633"]
[TimeControl "180+1"]
[EndTime "14:37:36 PST"]
[Termination "SaqoChess_Twitch won by resignation"]

1. e4 c5 2. Nf3 d6 3. d4 cxd4 4.
Nxd4 Nf6 5. Nc3 g6 6. Bc4 Bg7 7. f3 O-O 8. Be3 Nc6 9. Qd2 Bd7 10.
O-O-O Rc8 11. Bb3 Nxd4 12. Bxd4 b5 13. Kb1 a5 14. e5 dxe5 15. Bxe5 Bc6 16. Qe3 Qe8 17.
Bxf6 Bxf6 18. Nd5 Bxd5 19. Bxd5 e6 20. Be4 Qe7 21. Rd3 a4 22. h4 b4 23. h5 Bg7 24. h6 Bh8 25. Rhd1 Qf6 26. c3 a3 27. bxa3 bxc3 28. Kc2 Rb8 29. Rb1 Rb2+ 30. Rxb2 cxb2 31. Kb1 Rc8 32. Rd1 Qe5 33. Qd2 Bf6 34. Qd7 Qc3 35. Qxc8+ Qxc8 36. a4 Kf8 37. a5 Qa6 38. g4 Qxa5 39.
f4 g5 40. Bxh7 gxf4 41. Bc2 Qg5 42. Rh1 Qd5 43. h7 Qxh1+ 0-1

[Event "Late-Titled-Tuesday-Blitz-January-30-2024"]
[Site "Chess.com"]
[Date "2024.01.30"]
[Round "4"]
[White "Kleyton_Lima"]
[Black "lluiss"]
[Result "1-0"]
[WhiteElo "2578"]
[BlackElo "2188"]
[TimeControl "180+1"]
[EndTime "14:37:38 PST"]
[Termination "Kleyton_Lima won on time"]

1. d4 d5 2. c4 c6 3. Nf3 e6 4. e3 f5 5. Nc3 Nf6 6. Be2 Bd6 7. O-O O-O 8. b3 Bd7 9. Bb2 Be8 10. Qc1 Bh5 11. Ba3 Bxf3 12. Bxf3 Ne4 13. Bxd6 Qxd6 14. Bxe4 fxe4 15. Qd1 Nd7 16. f3 exf3 17.
Rxf3 Rxf3 18. Qxf3 Rf8 19. Qg4 e5 20. cxd5 cxd5 21.
Rd1 e4 22. h3 Nf6 23. Qg5 Qc6 24. Rc1 Rc8 25. Ne2 Qd7 26. Rxc8+ Qxc8 27. Nf4 Qd7 28. Qe5 h6 29. Qb8+ Kh7 30. Qxa7 Qc6 31. Qc5 Qd7 32. a4 g5 33. Ne2 Kg6 34. Qf8 Qc6 35. Qc5 Qa6 36. Kf2 Qd3 37. Qc3 Qd1 38. b4 g4 39.
a5 gxh3 40. gxh3 Qh1 41. Qe1 Qxh3 42. Qg1+ Ng4+ 43. Ke1 h5 44. Nf4+ 1-0

[Event "Late-Titled-Tuesday-Blitz-January-30-2024"]
[Site "Chess.com"]
[Date "2024.01.30"]
[Round "4"]
[White "AsaHoffmann"]
[Black "nindjaxx8"]
[Result "0-1"]
[WhiteElo "2342"]
[BlackElo "2599"]
[TimeControl "180+1"]
[EndTime "14:37:39 PST"]
[Termination "nindjaxx8 won by checkmate"]

1. d4 d5 2. Bg5 Nf6 3. Nd2 e6 4. e3 Be7 5. Bd3 O-O 6. f4 b6 7. Ngf3 Bb7 8. Ne5 Ne4 9. Bxe7 Qxe7 10. Bxe4 dxe4 11. O-O Nd7 12. c3 f5 13. g4 Nf6 14.
gxf5 exf5 15. Kh1 Nd5 16. Qe1 Rf6 17. Qg3 Rh6 18. Rg1 g6 19. Rg2 Kg7 20. Rag1 c5 21.
Nf1 cxd4 22. exd4 e3 23. Nxe3 Nxe3 24. Qxe3 Bxg2+ 25. Rxg2 Qe6 26. b3 Rd8 27. c4 Qd6 28. d5 Re8 29. Qd4 Kg8 30. Rd2 Rh4 31. Qf2 Rh3 32.
Re2 Qa3 33. Kg2 Rc3 34. Qd4 Qc1 35. d6 Rc2 36. Rxc2 Qxc2+ 37. Kg1 Qb1+ 38. Kf2 Qxa2+ 39. Kg3 Qxb3+ 40. Kh4 Qc2 41. d7 Qxh2+ 42. Kg5 Qg3+ 43. Kf6 Qh4# 0-1

[Event "Late-Titled-Tuesday-Blitz-January-30-2024"]
[Site "Chess.com"]
[Date "2024.01.30"]
[Round "4"]
[White "cristiano78"]
[Black "subham777"]
[Result "0-1"]
[WhiteElo "2298"]
[BlackElo "2495"]
[TimeControl "180+1"]
[EndTime "14:37:39 PST"]
[Termination "subham777 won by resignation"]

1. d4 d5 2. c4 e6 3. Nf3 Nf6 4.
Nc3 Be7 5. Bg5 O-O 6. e3 Ne4 7. Bxe7 Qxe7 8. cxd5 Nxc3 9. bxc3 exd5 10. Qb3 c6 11. c4 dxc4 12. Bxc4 Nd7 13. O-O Nb6 14.
Be2 Be6 15. Qb2 Bc4 16. Rfc1 Bxe2 17. Qxe2 Rfe8 18. a4 a5 19. Ne5 Rad8 20. Qb2 Nd5 21. Nc4 Qc7 22. Rab1 Nb4 23. Qd2 c5 24. Nxa5 Qxa5 25.
Rxc5 Qxc5 26. Rxb4 Qc6 27. g3 Rc8 28. Qb2 Qc1+ 29.
Qxc1 Rxc1+ 30. Kg2 Rc7 31. h4 h5 32. Rb5 g6 33. a5 Ra8 34. Kf3 Ra7 35. Ke4 Rc2 36.
f4 Ra2 0-1

[Event "Late-Titled-Tuesday-Blitz-January-30-2024"]
[Site "Chess.com"]
[Date "2024.01.30"]
[Round "4"]
[White "KaydenTroffChess"]
[Black "jefferyx"]
[Result "1-0"]
[WhiteElo "2864"]
[BlackElo "3013"]
[TimeControl "180+1"]
[EndTime "14:37:40 PST"]
[Termination "KaydenTroffChess won by resignation"]

1. d4 Nf6 2. Nf3 d5 3. Bf4 c5 4. e3 e6 5. Nc3 a6 6. Be2 b5 7. a3 Bb7 8. O-O Nc6 9. Ne5 Qb6 10.
dxc5 Bxc5 11. b4 Be7 12. Bd3 O-O 13. Rb1 Rfc8 14. Ne2 Nxe5 15. Bxe5 Nd7 16. Bd4 Qc7 17. f4 Nb6 18. Ng3 g6 19. Qg4 f5 20. Nxf5 exf5 21. Bxf5 Nc4 22. Be6+ Kf8 23. f5 1-0

[Event "Late-Titled-Tuesday-Blitz-January-30-2024"]
[Site "Chess.com"]
[Date "2024.01.30"]
[Round "4"]
[White "stasOR4ik"]
[Black "ArtemDyachuk"]
[Result "0-1"]
[WhiteElo "2416"]
[BlackElo "2631"]
[TimeControl "180+1"]
[EndTime "14:37:40 PST"]
[Termination "ArtemDyachuk won by checkmate"]

1. e4 e5 2. Nf3 Nc6 3. Bb5 a6 4. Ba4 Nf6 5. O-O b5 6. Bb3 Be7 7. Re1 O-O 8. c3 d6 9. h3 Bb7 10. d4 Re8 11. Nbd2 Bf8 12. Ng5 Re7 13. Ndf3 h6 14.
Nxf7 Rxf7 15. Bxf7+ Kxf7 16. Qb3+ Kg6 17. d5 Ne7 18. c4 Bc8 19. cxb5 Rb8 20. a4 axb5 21. axb5 Bd7 22. Ra7 Bxb5 23. Qc2 c5 24. Nh4+ Kh7 25.
f4 Qb6 26. Ra3 Nc8 27. Nf3 Qc7 28. b4 Nd7 29. fxe5 dxe5 30. Nh4 Nd6 31. Be3 Nc4 32. Rc3 Nxe3 33. Rexe3 Qb6 34. Kh2 cxb4 35. Rc7 Qxe3 36. Nf5 b3 37. Qd1 Qf4+ 38. Kh1 Qf1+ 39. Qxf1 Bxf1 40.
Rxd7 b2 41. Rf7 b1=Q 42. d6 Bxg2+ 43. Kxg2 Qxe4+ 44. Kf2 Rb2+ 45. Kg3 Rg2# 0-1

[Event "Late-Titled-Tuesday-Blitz-January-30-2024"]
[Site "Chess.com"]
[Date "2024.01.30"]
[Round "4"]
[White "Msb2"]
[Black "GMRafpig"]
[Result "1-0"]
[WhiteElo "3001"]
[BlackElo "2747"]
[TimeControl "180+1"]
[EndTime "14:37:43 PST"]
[Termination "Msb2 won by resignation"]

1. d4 Nf6 2. c4 e6 3. Nc3 d5 4. cxd5 exd5 5. Bg5 Be7 6. e3 c6 7. Bd3 h6 8. Bf4 Nbd7 9. h3 O-O 10. Nf3 Re8 11.
Qc2 b5 12. O-O Bb7 13. Rac1 a6 14. Rfd1 c5 15. dxc5 Nxc5 16. Qb1 Qb6 17. Ne2 Nxd3 18. Qxd3 Rac8 19. Be5 Rxc1 20. Rxc1 Rc8 21. Rxc8+ Bxc8 22. Nf4 Qc6 23. Kh2 Qc4 24. Qd4 Qxd4 25. Nxd4 Bb7 26.
Nf5 Kf8 27. Nxe7 Kxe7 28. Bxf6+ Kxf6 29. Ne2 Ke5 30. f3 g5 31. Kg3 b4 32. Kf2 f5 33.
g3 a5 34. a3 bxa3 35. bxa3 Ba6 36. Nd4 Bb7 37. Nb3 a4 38. Nc5 Bc6 39. Nd3+ Kd6 40. f4 d4 41. exd4 Kd5 42. Nb4+ 1-0

[Event "Late-Titled-Tuesday-Blitz-January-30-2024"]
[Site "Chess.com"]
[Date "2024.01.30"]
[Round "4"]
[White "aghasiyevkamal"]
[Black "PoXerStar"]
[Result "1-0"]
[WhiteElo "2646"]
[BlackElo "2434"]
[TimeControl "180+1"]
[EndTime "14:37:44 PST"]
[Termination "aghasiyevkamal won by resignation"]

1. d4 Nf6 2. c4 c5 3. d5 g6 4. Nc3 Bg7 5. e4 d6 6. Bd3 O-O 7. h3 e6 8. Nf3 exd5 9. exd5 Re8+ 10. Be3 Rxe3+ 11. fxe3 Qe7 12. e4 Nh5 13. O-O Nd7 14.
Qd2 Ne5 15. Nxe5 Bxe5 16. Ne2 Bd7 17. Rf3 Rb8 18. Raf1 f6 19. Nc1 b5 20. cxb5 Bxb5 21. Bxb5 Rxb5 22. b3 Bd4+ 23. Kh1 Qxe4 24. Re1 Qh4 25.
Re8+ Kf7 26. Qe2 Rb7 27. Qe6+ Kg7 28. Qg8+ Kh6 29. Qf8+ Rg7 30. Nd3 f5 31. Qxd6 f4 32.
Nxf4 Rf7 33. Nxg6 Rf6 34. Nxh4 Rxd6 35. Nf5+ 1-0

[Event "Late-Titled-Tuesday-Blitz-January-30-2024"]
[Site "Chess.com"]
[Date "2024.01.30"]
[Round "4"]
[White "Slovineanu"]
[Black "DraningWaterHi"]
[Result "1/2-1/2"]
[WhiteElo "2450"]
[BlackElo "2117"]
[TimeControl "180+1"]
[EndTime "14:37:45 PST"]
[Termination "Game drawn by repetition"]

1. d4 Nf6 2. Nf3 g6 3. Nbd2 Bg7 4. e4 d6 5. Bd3 O-O 6. O-O Nbd7 7. Re1 e5 8. dxe5 dxe5 9. a4 a5 10. b3 c6 11. Bb2 Qc7 12. Qe2 Nh5 13. g3 Re8 14. Qe3 Nf8 15. Nc4 f6 16. Be2 f5 17.
exf5 Bxf5 18. Nh4 Bxc2 19. Rac1 Nf4 20. Rxc2 Nd5 21. Qe4 Nf6 22. Qg2 e4 23. Ne3 Ne6 24. Bc4 Kh8 25. Rd2 Ng5 26. Red1 Rad8 27. Qf1 Rxd2 28.
Rxd2 Nf3+ 29. Nxf3 exf3 30. Qd1 Qc8 31. Qxf3 Rf8 32.
Qg2 Nd5 33. Bxg7+ Kxg7 34. Nxd5 cxd5 35. Qxd5 Kh6 36. Qd4 Qc7 37. Qh4+ Kg7 38. Qd4+ Kh6 39. Qd6 Qc8 40. Qd7 Qc5 41. Qd4 Qc7 1/2-1/2

[Event "Late-Titled-Tuesday-Blitz-January-30-2024"]
[Site "Chess.com"]
[Date "2024.01.30"]
[Round "4"]
[White "Kombinator01"]
[Black "jinbojinbo"]
[Result "1-0"]
[WhiteElo "2487"]
[BlackElo "2636"]
[TimeControl "180+1"]
[EndTime "14:37:46 PST"]
[Termination "Kombinator01 won by resignation"]

1. d4 Nf6 2. Bf4 g6 3. Nc3 d5 4. e3 Bg7 5. h4 h5 6. Nf3 O-O 7.
Ne5 c5 8. Be2 Nbd7 9. Nxd7 Bxd7 10.
Be5 Be6 11. dxc5 Rc8 12. Qd4 a5 13. g4 hxg4 14. h5 gxh5 15. f3 Bf5 16. fxg4 hxg4 17. O-O-O Qd7 18. Qf4 Qe6 19. Rdf1 Bg6 20. Bxf6 Bxf6 21.
Bxg4 Qe5 22. Qxe5 Bxe5 23. Bxc8 Rxc8 24. Nxd5 Kf8 25. Nf4 Be4 26. Rhg1 Bf6 27. Nd3 b6 28. Rf4 Bxd3 29. cxd3 bxc5 30. Rfg4 1-0

[Event "Late-Titled-Tuesday-Blitz-January-30-2024"]
[Site "Chess.com"]
[Date "2024.01.30"]
[Round "4"]
[White "Alexander_Donchenko"]
[Black "Adar_07"]
[Result "1-0"]
[WhiteElo "2934"]
[BlackElo "2669"]
[TimeControl "180+1"]
[EndTime "14:37:47 PST"]
[Termination "Alexander_Donchenko won by resignation"]

1. Nf3 Nf6 2. g3 g6 3. Bg2 Bg7 4. O-O O-O 5. d4 d5 6. c4 c6 7. b3 b6 8. Nc3 Ba6 9. Ne5 Nfd7 10. Nxd7 Nxd7 11. cxd5 cxd5 12. Nxd5 Rc8 13. Nb4 Bb5 14. a4 a5 15. axb5 axb4 16. Ra7 e5 17.
Bc6 Nb8 18. d5 Qd6 19. Be3 f5 20. Bxb6 e4 21. Bd4 Be5 22. Qa1 Nxc6 23. bxc6 Rfe8 24.
Rd7 Qf6 25. Bxe5 Rxe5 26. Rc1 f4 27. c7 e3 28. Rd8+ Kg7 29. Rxc8 exf2+ 30. Kf1 fxg3 31.
Rg8+ Kh6 32. c8=Q g2+ 33. Kxg2 Rg5+ 34. Kh1 Qf4 35. Qf8+ Kh5 1-0

[Event "Late-Titled-Tuesday-Blitz-January-30-2024"]
[Site "Chess.com"]
[Date "2024.01.30"]
[Round "4"]
[White "toninhojit"]
[Black "brm72"]
[Result "1/2-1/2"]
[WhiteElo "2511"]
[BlackElo "2688"]
[TimeControl "180+1"]
[EndTime "14:37:53 PST"]
[Termination "Game drawn by repetition"]

1. d4 Nf6 2. c4 e6 3. Nf3 c5 4. e3 cxd4 5. exd4 d5 6. Nc3 Bb4 7. Bd3 dxc4 8. Bxc4 O-O 9. O-O Nc6 10. Be3 b6 11. a3 Be7 12. Qe2 Bb7 13. Rfd1 Rc8 14. d5 exd5 15. Nxd5 Nxd5 16. Bxd5 Qc7 17. Rac1 Bf6 18.
Qc4 Qb8 19. Qe4 Rfe8 20. Qf5 Ne7 21. Bxf7+ Kxf7 22. Ng5+ Kf8 23. Nxh7+ Kf7 24. Ng5+ Kf8 25. Nh7+ Kf7 26. Ng5+ Kg8 27. Qe6+ Kh8 28. Qh3+ Kg8 29. Qe6+ Kh8 30. Qh3+ Kg8 31. Qe6+ 1/2-1/2

[Event "Late-Titled-Tuesday-Blitz-January-30-2024"]
[Site "Chess.com"]
[Date "2024.01.30"]
[Round "4"]
[White "jcmesafischer"]
[Black "bitter-cikolata"]
[Result "0-1"]
[WhiteElo "2351"]
[BlackElo "2534"]
[TimeControl "180+1"]
[EndTime "14:37:53 PST"]
[Termination "bitter-cikolata won by resignation"]

1. e4 e5 2. Nf3 Nc6 3. Bc4 Bc5 4. c3 Nf6 5. d3 a6 6. Nbd2 Ba7 7. Nf1 d6 8. Ng3 h6 9. a4 Be6 10. Bxe6 fxe6 11. Qb3 Qc8 12. O-O O-O 13. Be3 d5 14. Bxa7 Rxa7 15. Rae1 d4 16. cxd4 exd4 17. Nd2 Kh8 18.
h3 Qd7 19. f4 Ne7 20. Nf3 Ng6 21. Qc2 Nxf4 22. Qc5 Raa8 23. Ne5 Qd6 24. Qxd6 cxd6 25. Nc4 Nxd3 26. Rd1 Nc5 27. Nxd6 e5 28. a5 Rad8 29. Nc4 Rfe8 30. Rf5 d3 31. Nxe5 Kg8 32. Nc6 bxc6 33.
Rxc5 Nxe4 34. Nxe4 Rxe4 35. Rc3 d2 36. Kf2 Rf8+ 37. Rf3 Rd8 38. Re3 Rb4 39. b3 Rb5 40. Ke2 Rxa5 41. Rxd2 Rxd2+ 42. Kxd2 Ra2+ 43. Kd3 Rxg2 44. Re6 Rg3+ 45. Kc4 Rxh3 46. Rxc6 a5 47. Rc5 Rh4+ 48.
Kb5 Rb4+ 49. Kxa5 Rxb3 0-1

[Event "Late-Titled-Tuesday-Blitz-January-30-2024"]
[Site "Chess.com"]
[Date "2024.01.30"]
[Round "4"]
[White "sansanathalia"]
[Black "Bryanl106"]
[Result "1-0"]
[WhiteElo "2407"]
[BlackElo "2548"]
[TimeControl "180+1"]
[EndTime "14:37:56 PST"]
[Termination "sansanathalia won by checkmate"]

1. e4 e5 2. Nf3 Nc6 3. d4 exd4 4. Nxd4 Bb4+ 5. Nc3 Qf6 6. Be3 Nge7 7. Qd2 d6 8. a3 Ba5 9. O-O-O Bd7 10. f4 O-O-O 11.
f5 h6 12. g4 Ne5 13. g5 Bxc3 14. bxc3 hxg5 15. Bxg5 Nc4 16. Bxf6 Nxd2 17. Bxe7 Rde8 18. Rxd2 Rxe7 19. Bd3 c5 20. Nb3 Bc6 21. Re1 Kc7 22. c4 b6 23. Rg2 Rh7 24. Reg1 Be8 25. Nd2 g6 26. fxg6 fxg6 27. Nf1 a6 28. Ne3 Re5 29.
Nd5+ Kd8 30. Nf6 Rh6 31. Nxe8 Rxe8 32. Rxg6 Rxh2 33. Rxd6+ Kc7 34. Rgg6 b5 35. Rc6+ Kb7 36.
cxb5 axb5 37. Bxb5 Re5 38. Rg7+ Kb8 39. Rb6+ Ka8 40.
Bc6# 1-0

[Event "Late-Titled-Tuesday-Blitz-January-30-2024"]
[Site "Chess.com"]
[Date "2024.01.30"]
[Round "4"]
[White "Dzidzik2203"]
[Black "LUISMIGUELOV"]
[Result "0-1"]
[WhiteElo "2384"]
[BlackElo "2186"]
[TimeControl "180+1"]
[EndTime "14:37:57 PST"]
[Termination "LUISMIGUELOV won by checkmate"]

1. b3 d5 2. Bb2 c6 3. e3 Nf6 4. Nf3 Bg4 5. c4 e6 6. h3 Bh5 7. g4 Bg6 8. Ne5 Nbd7 9. Nxg6 hxg6 10. Bg2 a5 11. Nc3 Bd6 12. Qe2 Qc7 13. Rc1 Qb6 14.
g5 Ne4 15. Bxe4 dxe4 16. Nxe4 Be7 17. Bxg7 Rh7 18. Bf6 Nxf6 19. gxf6 Ba3 20. c5 Qc7 21. Rc4 O-O-O 22. d4 Bb4+ 23. Kd1 e5 24. Kc2 exd4 25.
Rxd4 Rh5 26. Rxd8+ Qxd8 27. Rd1 Qc7 28. Qc4 Rxh3 29. Nd6+ Kb8 30. Qxf7 Bxc5 31. Qxc7+ Kxc7 32. f7 Bxd6 33. Rxd6 Rf3 34. Rxg6 Rxf2+ 35. Kc3 Rxf7 36. Kd4 Rf2 37. a4 Rb2 38. e4 Rxb3 39. e5 Rb4+ 40. Kc5 b6# 0-1

[Event "Late-Titled-Tuesday-Blitz-January-30-2024"]
[Site "Chess.com"]
[Date "2024.01.30"]
[Round "4"]
[White "bn1462"]
[Black "ogpin"]
[Result "0-1"]
[WhiteElo "1948"]
[BlackElo "2222"]
[TimeControl "180+1"]
[EndTime "14:37:57 PST"]
[Termination "ogpin won by checkmate"]

1. d4 d5 2. c4 e6 3. Nf3 Nf6 4. Nc3 Bb4 5. cxd5 exd5 6. Bg5 h6 7. Bh4 Nbd7 8. Qc2 O-O 9. e3 g5 10. Bg3 Ne4 11. Bd3 Re8 12. O-O Bxc3 13. bxc3 Nb6 14. c4 Nxc4 15. Bxc4 dxc4 16. Qxc4 c6 17. Rfd1 Be6 18.
Qc2 Bd5 19. a4 Rc8 20. Rab1 Qe7 21. Rb2 b6 22. Nd2 Nxd2 23. Qxd2 Qe4 24. f3 Qxe3+ 25. Bf2 Qxd2 26. Rdxd2 Re6 27. a5 b5 28. Bg3 Rce8 29.
Kf2 Bc4 30. Rbc2 f5 31. Be5 a6 32. Rb2 f4 33. Rbc2 Kf7 34. Rb2 Kg6 35. Rbc2 Kf5 36. Rb2 h5 37. Rbc2 g4 38. Rb2 Rg8 39. Rbc2 gxf3 40. gxf3 Reg6 41. Ke1 Rg1+ 42. Kf2 R8g2# 0-1

[Event "Late-Titled-Tuesday-Blitz-January-30-2024"]
[Site "Chess.com"]
[Date "2024.01.30"]
[Round "4"]
[White "alexgo05"]
[Black "noblerone"]
[Result "1-0"]
[WhiteElo "2372"]
[BlackElo "2459"]
[TimeControl "180+1"]
[EndTime "14:37:58 PST"]
[Termination "alexgo05 won on time"]

1. Nf3 d5 2. b3 Nf6 3. Bb2 Bf5 4.
e3 e6 5. c4 Bd6 6. d4 c6 7. Nc3 Ne4 8. Nxe4 dxe4 9. Nd2 Bg6 10.
h4 h5 11. Qc2 f5 12. O-O-O Nd7 13. f3 exf3 14. gxf3 Bf7 15. e4 fxe4 16. fxe4 Bf4 17. Bh3 Nf6 18. Kb1 Qe7 19. Nf3 Bg6 20. Rhe1 O-O 21. Ka1 Rad8 22. Re2 c5 23. Rg1 Bh7 24.
Ng5 Ng4 25. d5 exd5 26. exd5 Bxc2 27. Rxe7 1-0

[Event "Late-Titled-Tuesday-Blitz-January-30-2024"]
[Site "Chess.com"]
[Date "2024.01.30"]
[Round "4"]
[White "Byniolus"]
[Black "BilodeauA"]
[Result "0-1"]
[WhiteElo "2848"]
[BlackElo "3029"]
[TimeControl "180+1"]
[EndTime "14:38:00 PST"]
[Termination "BilodeauA won on time"]

1. d4 d5 2. Nf3 Nf6 3. Bf4 e6 4.
e3 Bd6 5. Bg3 Nc6 6. Nbd2 Ne7 7.
Bd3 O-O 8. c4 c5 9. dxc5 Bxc5 10.
O-O b6 11. Nb3 Bd6 12. Ne5 Bb7 13. Rc1 Rc8 14. Qe2 Nf5 15. Bxf5 exf5 16. cxd5 Bxd5 17.
Nxf7 Rxf7 18. Rxc8 Qxc8 19. Bxd6 Qe6 20. Bg3 Bc4 21. Qd1 Bxf1 22. Qxf1 Ne4 23. Bf4 g5 24. Bb8 Qd5 25. h4 gxh4 26. Nd4 f4 0-1

[Event "Late-Titled-Tuesday-Blitz-January-30-2024"]
[Site "Chess.com"]
[Date "2024.01.30"]
[Round "4"]
[White "GaiozNigalidze"]
[Black "Cambek64"]
[Result "0-1"]
[WhiteElo "2693"]
[BlackElo "2530"]
[TimeControl "180+1"]
[EndTime "14:38:00 PST"]
[Termination "Cambek64 won on time"]

1. d4 c5 2. d5 e5 3. Nc3 d6 4. g3 g6 5. Bg2 Bg7 6. e4 f5 7. exf5 Bxf5 8. Nf3 Nf6 9. Ng5 O-O 10. Ne6 Bxe6 11. dxe6 Nc6 12. O-O Qe7 13. Nd5 Nxd5 14. Bxd5 Rae8 15. c3 Nd8 16. Bg5 Bf6 17. Bh6 Bg7 18.
Bg5 Bf6 19. Bxf6 Rxf6 20. Qb3 Nxe6 21. f4 exf4 22. Rae1 Kg7 23. gxf4 b6 24. Qc4 Qd7 25.
f5 gxf5 26. Kh1 Nc7 27. Bf3 d5 28. Qh4 Rxe1 29. Rxe1 Ne6 30. Bh5 h6 31. Qg3+ Kh7 32. Rg1 Ng5 33. Qe5 Qd6 34. Qe8 d4 0-1

[Event "Late-Titled-Tuesday-Blitz-January-30-2024"]
[Site "Chess.com"]
[Date "2024.01.30"]
[Round "4"]
[White "Nick12772"]
[Black "tgpgoat"]
[Result "1-0"]
[WhiteElo "2369"]
[BlackElo "2519"]
[TimeControl "180+1"]
[EndTime "14:38:00 PST"]
[Termination "Nick12772 won by resignation"]

1. Nf3 Nf6 2. g3 g6 3. Bg2 Bg7 4. O-O O-O 5. c4 c6 6. Nc3 d5 7.
cxd5 cxd5 8. d4 Nc6 9. Ne5 Bf5 10. Nxc6 bxc6 11. Bf4 Nh5 12. Be3 Rb8 13. b3 Nf6 14.
Bf4 Rb7 15. Be5 Nd7 16. Bxg7 Kxg7 17. Rc1 Re8 18. e4 dxe4 19. Nxe4 Rc7 20. Nc5 Nxc5 21. Rxc5 Qd6 22. Qa1 Kg8 23. Rfc1 Rd8 24. d5 Rb8 25. Rxc6 Rxc6 26. dxc6 Rc8 27. Qc3 Rc7 28. h4 h5 29. b4 a6 30. a4 Qd8 31. b5 Qb8 32. Qc5 axb5 33. axb5 Rc8 34. b6 Rf8 35. c7 Qb7 36.
Bxb7 1-0

[Event "Late-Titled-Tuesday-Blitz-January-30-2024"]
[Site "Chess.com"]
[Date "2024.01.30"]
[Round "4"]
[White "yobdc"]
[Black "GoltsevDmitry2000"]
[Result "1-0"]
[WhiteElo "2582"]
[BlackElo "2806"]
[TimeControl "180+1"]
[EndTime "14:38:01 PST"]
[Termination "yobdc won by checkmate"]

1. d4 e6 2. c4 d5 3. Nc3 dxc4 4. Nf3 Nf6 5. e3 c5 6. Bxc4 Nc6 7. O-O cxd4 8. exd4 Bd6 9. Qe2 O-O 10. Rd1 a6 11.
Ne5 Ne7 12. Bg5 Ng6 13. Ne4 Be7 14. Bxf6 Bxf6 15. Nxg6 hxg6 16. Rd3 b5 17. Bb3 Ra7 18. Rad1 Qe7 19. Rf3 e5 20. d5 Bg4 21. d6 Qd8 22.
Qe3 Bxf3 23. Qxf3 Rd7 24. g3 Qc8 25. h4 Bd8 26. h5 g5 27. Qf5 a5 28. h6 a4 29. Qg6 Bf6 30. Nxf6+ Kh8 31. Qxg7# 1-0

[Event "Late-Titled-Tuesday-Blitz-January-30-2024"]
[Site "Chess.com"]
[Date "2024.01.30"]
[Round "4"]
[White "vladoboch"]
[Black "icychess54"]
[Result "1-0"]
[WhiteElo "2473"]
[BlackElo "2239"]
[TimeControl "180+1"]
[EndTime "14:38:02 PST"]
[Termination "vladoboch won on time"]

1. e4 c5 2. Nf3 d6 3. d4 cxd4 4. Nxd4 Nc6 5. c4 Nf6 6. Nc3 e6 7. Be3 Be7 8. Be2 a6 9. O-O O-O 10. a3 Qc7 11. Rc1 Rd8 12. Nd5 exd5 13. cxd5 Bd7 14.
dxc6 bxc6 15. Qc2 Rab8 16. b4 a5 17. b5 c5 18. a4 Qb7 19. Nf5 Bxf5 20. exf5 d5 21.
Bf3 Qd7 22. Rfe1 d4 23. Bf4 Bd6 24. Bc6 Qc7 25. Bxd6 Qxd6 26. Qxc5 Qf4 27. g3 Qh6 28. Rcd1 d3 29. Qe3 Qh5 30. Rxd3 1-0

[Event "Late-Titled-Tuesday-Blitz-January-30-2024"]
[Site "Chess.com"]
[Date "2024.01.30"]
[Round "4"]
[White "Schattman"]
[Black "Bala-Afiada"]
[Result "1-0"]
[WhiteElo "2452"]
[BlackElo "2033"]
[TimeControl "180+1"]
[EndTime "14:38:03 PST"]
[Termination "Schattman won by resignation"]

1. f4 e5 2. fxe5 d6 3. exd6 Bxd6 4. Nf3 c6 5. d4 Qc7 6. Bg5 Bg4 7. Nc3 Bxf3 8.
exf3 Bg3+ 9. Kd2 Bf4+ 10. Bxf4 Qxf4+ 11. Kd3 Qf5+ 12. Kd2 Ne7 13. Qe1 Qf4+ 14. Qe3 Qxe3+ 15. Kxe3 O-O 16. Bd3 Re8 17. Kf2 Nd7 18. Rhe1 Nb6 19. Ne2 Ned5 20. c3 Re7 21. Ng3 Rae8 22. Rxe7 Rxe7 23. Re1 Rxe1 24. Kxe1 Nf4 25. Bf1 Na4 26. Nf5 Nxb2 27. Nd6 b6 28. Nc8 Na4 29. Kd2 a5 30.
Ne7+ Kf8 31. Nxc6 Nd5 32. c4 Nc7 33. Kc2 Ke8 34. Kb3 Kd7 35. Ne5+ Ke6 36. Kxa4 1-0

[Event "Late-Titled-Tuesday-Blitz-January-30-2024"]
[Site "Chess.com"]
[Date "2024.01.30"]
[Round "4"]
[White "ElephantChessGenius"]
[Black "kikoveiga"]
[Result "0-1"]
[WhiteElo "2247"]
[BlackElo "2520"]
[TimeControl "180+1"]
[EndTime "14:38:03 PST"]
[Termination "kikoveiga won on time"]

1. e4 Nc6 2. d4 d5 3. e5 Bf5 4. c3 e6 5. h4 h5 6. Nf3 Be7 7. Be2 Nh6 8. Qb3 Qd7 9. Na3 Na5 10. Qd1 Bxa3 11. bxa3 Nc4 12. a4 Ng4 13. Qb3 Na5 14.
Qb4 b6 15. Ba3 f6 16. Bb5 c6 17.
Be2 Kf7 18. Rd1 Rac8 19. Bc1 c5 20. dxc5 Rxc5 21. exf6 gxf6 22. Nd4 Nc6 23. Nxc6 Qxc6 24. Bb2 Bc2 25. Rd2 Qxa4 26. Qxa4 Bxa4 27. Rd4 Bd7 28.
Bxg4 hxg4 29. Rxg4 e5 30. Rg3 Rh5 31. Kd2 Bf5 32. f3 d4 33. Rc1 dxc3+ 34. Rxc3 Rxc3 35. Bxc3 Rxh4 36. Ke3 Ra4 37. Rh3 Bxh3 38. gxh3 Rxa2 39. h4 Rh2 0-1